 Dungeon Crawl Stone Soup version 0.31.0-12-g77e489cdc1 (webtiles) character file.

Game seed: 7936360885499549716

5943 Silvore the Carver (level 10, 0/118 HPs)
             Began as a Demonspawn Fighter on Feb 15, 2024.
             Was a Priest of Okawaru.
             Succumbed to an orc wizard's poison
             ... on level 9 of the Dungeon.
             The game lasted 00:11:15 (9085 turns).

Silvore the Carver (Demonspawn Fighter)             Turns: 9085, Time: 00:11:16

Health: 0/118      AC: 31    Str: 21    XL:     10   Next: 54%
Magic:  0/10       EV: 13    Int:  9    God:    Okawaru [***...]
Gold:   475        SH:  5    Dex: 12    Spells: 9/9 levels left

rFire   . . .        a - +2 long sword (protect)
rCold   . . .        c - +0 buckler
rNeg    . . .        E - +0 plate armour
rPois   .            (helmet restricted)
rElec   .            (no cloak)
rCorr   .            e - +2 pair of gloves
SInv    .            r - +1 pair of boots
Will    .....        v - amulet of the acrobat Stlth
                     o - +4 ring of protection
HPRegen 0.39/turn    y - +5 ring of evasion
MPRegen 0.24/turn

%: acrobat, guardian spirit
@: berserking (expiring), lethally poisoned (0 -> -8), under a protective aura,
studying Armour, very quick
A: antennae 1, rugged brown scales 1, (demonic guardian 2), magic shield, magic
regeneration, magic link
a: Renounce Religion, Heroism


You were on level 9 of the Dungeon.
You worshipped Okawaru.
Okawaru was most pleased with you.
You visited 2 branches of the dungeon, and saw 10 of its levels.

You collected 475 gold pieces.

Inventory:

Hand Weapons
 a - a +2 long sword of protection (weapon)
 z - a +0 demon whip of venom
Missiles
 B - a throwing net (quivered)
Armour
 b - a +0 scale mail
 c - a +0 buckler (worn)
 e - a +2 pair of gloves (worn)
 r - a +1 pair of boots (worn)
 E - a +0 plate armour (worn)
Jewellery
 d - a ring of fire
 o - a +4 ring of protection (left hand)
 v - an amulet of the acrobat (around neck)
 y - a +5 ring of evasion (right hand)
Wands
 g - a wand of mindburst (6)
 n - a wand of digging (5)
 q - a wand of charming (2)
 D - a wand of acid (7)
Scrolls
 l - 2 scrolls of amnesia
 m - 2 scrolls of teleportation
 u - a scroll of enchant weapon
 C - a scroll of fog
Potions
 f - a potion of lignification
 h - 2 potions of mutation
 i - 4 potions of haste
 j - a potion of magic
 k - 3 potions of cancellation
 p - a potion of attraction
 s - a potion of ambrosia {unknown}
 t - a potion of heal wounds {unknown}
 w - a potion of degeneration {unknown}
 x - a potion of brilliance {unknown}


   Skills:
 + Level 6.7 Fighting
 + Level 10.0 Long Blades
 + Level 7.9 Armour
 + Level 4.9 Dodging
 + Level 1.0 Stealth
 + Level 5.9 Shields


You had 9 spell levels left.
You didn't know any spells.
Your spell library contained the following spells:

 Spells                   Type           Power      Damage    Failure   Level
 Sublimation of Blood     Necr           0%         N/A       100%        2
 Dimensional Bullseye     Hex/Tloc       0%         N/A       100%        4
 Iskenderun's Mystic Bla  Conj/Tloc      0%         2d3       100%        4
 Petrify                  Alch/Erth      0%         N/A       100%        4
 Irradiate                Conj/Alch      0%         3d11      100%        5
 Tukima's Dance           Hex            Unusable   N/A       N/A         3

Dungeon Overview and Level Annotations

Branches:
Dungeon (9/15)             Temple (1/1) D:4            Lair (0/5) D:8
    Orc: D:9-12

Altars:
Ashenzari
Cheibriados
Dithmenos
Fedhas
Gozag
Hepliaklqana
Kikubaaqudgha
Makhleb
Nemelex Xobeh
Okawaru
Qazlal
Ru
Sif Muna
Trog
Uskayaw
Vehumet
Wu Jian
Xom
Yredelemnul

Shops:
D:3 (


Innate Abilities, Weirdness & Mutations

You have a pair of small antennae on your head.
You are partially covered in rugged brown scales. (AC +1, +3% HP)
((A demonic guardian rushes to your aid.))
When hurt, damage is shared between your health and your magic reserves.
You regenerate magic rapidly.
When low on magic, you restore magic in place of health.


Message History

* * * LOW HITPOINT WARNING * * *
You feel very sick. The orc warrior completely misses you.
Unknown command.
You slash the orc warrior!
The orc warrior is heavily wounded.
You feel less confused.
* * * LOW HITPOINT WARNING * * *
You feel very sick. You block the orc wizard's attack.
The orc warrior hits you but does no damage.
You slash the orc warrior!
The orc warrior is severely wounded.
* * * LOW HITPOINT WARNING * * *
You feel very sick. The orc warrior closely misses you.
Unknown command.
You hit the orc warrior.
The orc warrior is almost dead.
* * * LOW HITPOINT WARNING * * *
You feel sick. The orc warrior barely misses you.
You closely miss the orc warrior.
* * * LOW HITPOINT WARNING * * *
You feel sick.
Unknown command.
You slash the orc wizard!
The orc wizard is almost dead.
* * * LOW HITPOINT WARNING * * *
You feel sick.
The orc wizard hits you but does no damage.
The orc warrior hits you from afar with a +0 trident!
* * * LOW HITPOINT WARNING * * *
The orc warrior hits you with a +0 battleaxe.
Unknown command.
Unknown command.
Unknown command.
You slash the orc wizard!
You kill the orc wizard!
Okawaru accepts your kill.
You die...

######################
........o...........
#..#.o.@.....#...#
#..#.{o).....#...#
...#...)o.o...(.....#######
...........?...............
.....#############'#####'##
.... ................. ...
...############.#
#######... #§.§.§.#...


You could see 3 orc warriors and 2 orcs.

Vanquished Creatures
  Amaemon (D:9)
  An orange demon (D:9)
  A rime drake (D:8)
  A kobold demonologist (D:9)
  2 shadows (D:9)
  3 yaks (D:9)
  5 steam dragons
  11 ice beasts
  An orc warrior (D:9)
  2 sky beasts (D:6)
  A black bear (D:5)
  3 wolves (D:8)
  3 centaurs (D:8)
  2 kobold brigands
  2 scorpions
  2 gnoll sergeants
  3 killer bees (D:8)
  2 howler monkeys
  3 bombardier beetles
  5 orc priests
  A hound (D:7)
  A jelly (D:4)
  Terence (D:2)
  5 orc wizards
  A sleepcap (D:7)
  11 gnolls
  9 adders
  A shadow imp (D:7)
  3 white imps
  2 ribbon worms
  A dart slug (D:4)
  29 orcs
  7 bats
  8 endoplasms
  2 giant cockroaches (D:3)
  5 goblins
  7 hobgoblins
  6 jackals
  6 quokkas
  5 ball pythons
  3 frilled lizards
  18 kobolds
  7 rats
193 creatures vanquished.

Notes
Turn   | Place    | Note
-------+----------+-------------------------------------------
     0 | D:1      | Silvore the Demonspawn Fighter began the quest for the Orb.
     0 | D:1      | Reached XP level 1. HP: 18/18 MP: 1/1
   159 | D:1      | Gained mutation: You regenerate magic rapidly. [demonic
                  | ancestry]
   159 | D:1      | Reached XP level 2. HP: 24/24 MP: 2/2
   234 | D:1      | Reached skill level 2 in Long Blades
   601 | D:1      | Gained mutation: You have a pair of small antennae on your
                  | head. [demonic ancestry]
   601 | D:1      | Reached XP level 3. HP: 29/29 MP: 3/3
  1153 | D:2      | Noticed Terence
  1164 | D:2      | Killed Terence
  1165 | D:2      | Reached skill level 3 in Long Blades
  1165 | D:2      | Reached skill level 1 in Dodging
  1165 | D:2      | Reached XP level 4. HP: 11/35 MP: 4/4
  1523 | D:3      | Found Xydghumma's Antique Weapon Emporium.
  1579 | D:3      | Found a bloodstained altar of Trog.
  1662 | D:3      | Found a shadowy altar of Dithmenos.
  1736 | D:3      | Gained mutation: You are partially covered in rugged brown
                  | scales. (AC +1, +3% HP) [demonic ancestry]
  1736 | D:3      | Reached XP level 5. HP: 14/42 MP: 5/5
  2764 | D:4      | Found a staircase to the Ecumenical Temple.
  2770 | Temple   | Entered the Ecumenical Temple
  2905 | D:5      | Entered Level 5 of the Dungeon
  3003 | D:5      | Reached skill level 4 in Long Blades
  3003 | D:5      | Gained mutation: When hurt, damage is shared between your
                  | health and your magic reserves. [demonic ancestry]
  3003 | D:5      | Reached XP level 6. HP: 48/48 MP: 6/6
  3329 | D:5      | Reached skill level 5 in Long Blades
  3519 | D:5      | Noticed an ice beast
  3537 | D:5      | Killed an ice beast
  3538 | D:5      | Gained mutation: A weak demonic guardian rushes to your
                  | aid. [demonic ancestry]
  3538 | D:5      | Reached XP level 7. HP: 53/54 MP: 7/7
  3636 | D:5      | Noticed a steam dragon
  3657 | D:5      | Killed a steam dragon
  4070 | D:6      | Reached skill level 6 in Long Blades
  4207 | D:6      | Reached XP level 8. HP: 56/62 MP: 8/8
  4647 | D:6      | Reached skill level 7 in Long Blades
  5190 | D:7      | Found an ornate altar of the Wu Jian Council.
  5755 | D:7      | Reached skill level 5 in Armour
  5773 | D:7      | Reached skill level 5 in Fighting
  6282 | D:8      | Found a staircase to the Lair.
  6290 | D:8      | Noticed a rime drake
  6303 | D:8      | Killed a rime drake
  6304 | D:8      | Gained mutation: A demonic guardian rushes to your aid.
                  | [demonic ancestry]
  6304 | D:8      | Reached XP level 9. HP: 31/70 MP: 2/9
  6307 | D:8      | Reached skill level 8 in Long Blades
  6321 | D:8      | Found a burning altar of Makhleb.
  6321 | D:8      | Found a snail-covered altar of Cheibriados.
  6573 | D:8      | Found a stormy altar of Qazlal.
  6671 | D:8      | Found an iron altar of Okawaru.
  6727 | D:8      | Became a worshipper of Warmaster Okawaru
  6904 | D:8      | Found a blossoming altar of Fedhas.
  7009 | D:8      | Reached skill level 5 in Shields
  7115 | D:8      | Reached * piety under Okawaru
  7116 | D:8      | Reached skill level 9 in Long Blades
  7116 | D:8      | Reached skill level 1 in Stealth
  7430 | D:9      | Noticed Amaemon
  7430 | D:9      | Noticed an orange demon
  7768 | D:9      | Killed Amaemon
  7769 | D:9      | Gained mutation: When low on magic, you restore magic in
                  | place of health. [demonic ancestry]
  7769 | D:9      | Reached XP level 10. HP: 31/79 MP: 5/10
  7906 | D:9      | Killed an orange demon
  7906 | D:9      | Reached ** piety under Okawaru
  8899 | D:9      | Found a basalt altar of Yredelemnul.
  8953 | D:9      | Reached *** piety under Okawaru
  9066 | D:9      | Reached skill level 10 in Long Blades
  9084 | D:9      | HP: 5/118 [poisoned by an orc wizard]
  9084 | D:9      | HP: 1/118 [orc warrior/+0 trident (4)]
  9085 | D:9      | Succumbed to an orc wizard's poison

Illustrated notes

Levels and vault maps discovered:
D:1:      shiori_arrival_maze, layout_basic
D:2:      layout_loops_ring, grunt_ministairs_8, uniq_terence
D:3:      layout_basic, mainiacjoe_overflow_boulevard,
          mainiacjoe_overflow_six_doors_small, serial_shops, shop,
          nicolae_underground_beach
D:4:      layout_basic, elyvilon_altar_1, minmay_temple_entry_fiery
D:5:      layout_cave_pools, serial_bayou_pond_a, minmay_manual_mullet
D:6:      layout_basic, moated_statue
D:7:      layout_gridville, old_standard_altar
D:8:      layout_gridville, mainiacjoe_overflow_catwalk_spiral,
          marbit_many_paths, mainiacjoe_overflow_divided_tiny,
          hellmonk_lair_entry_icy
D:9:      layout_stronghold, grunt_temple_overflow_holy_war, david_orc_4,
          uniq_amaemon
Temple:   hellmonk_temple_of_storms

Skill      XL: |  1  2  3  4  5  6  7  8  9 10 |
---------------+-------------------------------+-----
Long Blades    | 2 3 4 5 6 7 9 10 | 10.0
Shields        | 3 4 5 |  5.9
Armour         | 3 4 5 6 7 |  7.9
Dodging        | 1 2 3 4 |  4.9
Fighting       | 4 5 6 |  6.7
Stealth        | 1 |  1.0

Action                     |  1- 3 |  4- 6 |  7- 9 | 10-12 || total
---------------------------+-------+-------+-------+-------++-------
  Melee: Long sword        |   139 |   213 |   513 |   208 ||  1073
    Use: Potion            |     1 |     1 |     7 |     1 ||    10
         Scroll            |       |    11 |    10 |       ||    21
 Armour: Scale mail        |   102 |   173 |   409 |       ||   684
         Plate armour      |       |       |    80 |   204 ||   284
  Dodge: Dodged            |    74 |   101 |   521 |   202 ||   898
  Block: Buckler           |    33 |    34 |   181 |    57 ||   305
